 Dungeon Crawl Stone Soup version 0.21.1-1-g345015f (webtiles) character file.

17939 goulibeur the Agent of Entropy (level 12, -3/96 HPs)
             Began as a Demonspawn Abyssal Knight on July 13, 2018.
             Was a Priest of Lugonu.
             Slain by an earth elemental (9 damage)
             ... on level 3 of the Lair of Beasts.
             The game lasted 00:53:53 (14910 turns).

goulibeur the Agent of Entropy (DsAK)              Turns: 14910, Time: 00:53:54

Health: -3/96      AC: 19    Str: 13    XL:     12   Next: 23%
Magic:  0/23       EV:  7    Int: 23    God:    Lugonu [***...]
Gold:   794        SH:  0    Dex: 17    Spells: 11/11 levels left

rFire    + . .     SeeInvis .   x - +4 short sword of the Tundras {drain, *Noise MR- Int+9 Stlth+}
rCold    . . .     Gourm    .   (no shield)
rNeg     . . .     Faith    .   k - +0 plate armour
rPois    +         Spirit   +   (helmet restricted)
rElec    .         Reflect  .   O - +1 cloak
rCorr    .         Harm     .   (no gloves)
MR       .....                  M - +0 pair of boots
Stlth    ..........             D - amulet of regeneration
HPRegen  0.66/turn              s - ring of poison resistance
MPRegen  0.36/turn              H - ring of protection from fire

@: starving
A: horns 1, yellow scales 1, nightstalker 2, magic shield, magic regeneration
a: Depart the Abyss, Bend Space, Banish, Renounce Religion


You were on level 3 of the Lair of Beasts.
You worshipped Lugonu.
Lugonu was most pleased with you.
You were starving.

You visited 2 branches of the dungeon, and saw 14 of its levels.
You visited the Abyss 1 time.
You also visited: Volcano.

You collected 794 gold pieces.

Inventory:

Hand Weapons
 d - a +2 hand axe of flaming
 x - the +4 short sword of the Tundras (weapon) {drain, *Noise MR- Int+9 Stlth+}
   (You found it on level 4 of the Dungeon)

   A truly terrible weapon, it drains the life of those it strikes.
   It affects your intelligence (+9).
   It affects your resistance to hostile enchantments.
   It may make noises in combat.
   It makes you more stealthy.
 J - the +7 dagger "Cudd" {protect, rElec Str+3 SInv}
   (You found it on level 6 of the Dungeon)

   It protects the one who uses it against injury (+AC on strike).
   It affects your strength (+3).
   It insulates you from electricity.
   It lets you see invisible.
Armour
 b - the +1 leather armour of Keidyef {Int+3}
   (You found it on level 11 of the Dungeon)

   It affects your intelligence (+3).
 k - a +0 plate armour (worn)
 M - a +0 pair of boots (worn)
 O - a +1 cloak (worn)
Jewellery
 h - an uncursed amulet of rage {unknown}
 s - a ring of poison resistance (left hand)
 z - an uncursed ring of see invisible
 D - an amulet of regeneration (around neck)
 H - a ring of protection from fire (right hand)
 Q - an uncursed ring of stealth
 S - an uncursed ring of protection from cold
 V - an uncursed amulet of rage {unknown}
 Y - an uncursed ring of loudness
Wands
 r - a wand of clouds (6)
 F - a wand of iceblast (20)
 K - a wand of acid (29)
 T - a wand of paralysis (3)
 W - a wand of disintegration (11)
Scrolls
 e - a scroll of enchant armour
 g - 8 scrolls of identify
 i - 5 scrolls of remove curse
 l - 3 scrolls of fear
 n - 6 scrolls of teleportation
 y - a scroll of magic mapping
 E - a scroll of noise
 G - a scroll of vulnerability {unknown}
 L - a scroll of enchant weapon
 N - a scroll of blinking {unknown}
 P - a scroll of amnesia
 R - 2 scrolls of immolation
Potions
 a - a potion of haste {unknown}
 j - 4 potions of heal wounds {unknown}
 m - a potion of resistance
 o - 2 potions of curing
 p - a potion of invisibility {unknown}
 t - 2 potions of agility {unknown}
 w - 2 potions of cancellation {unknown}
 A - 4 potions of might {unknown}
 B - 2 potions of ambrosia {unknown}
 C - 2 potions of lignification {unknown}
 U - a potion of degeneration {unknown}
Books
 q - a Young Poisoner's Handbook

   Spells                             Type                      Level
   a - Sting                          Conjuration/Poison           1
   b - Poisonous Vapours              Poison/Air                   2
   c - Mephitic Cloud                 Conjuration/Poison/Air       3
   d - Olgreb's Toxic Radiance        Poison                       4
   e - Venom Bolt                     Conjuration/Poison           5
Comestibles
 c - 36 rations
 f - 4 chunks of flesh


   Skills:
 + Level 9.6 Fighting
 - Level 1.7 Short Blades
 + Level 8.6 Armour
 + Level 8.5 Dodging
 * Level 15.9 Invocations


You had 11 spell levels left.
You didn't know any spells.

Dungeon Overview and Level Annotations

Branches:
Dungeon (11/15)            Temple (0/1) D:6            Lair (3/6) D:8
 Shoals (0/4) Lair:2
  Snake: Lair:2-4    Spider: Lair:2-4       Orc: D:9-12

Altars:
Cheibriados
Dithmenos
Gozag
Hepliaklqana
Kikubaaqudgha
Makhleb
Okawaru
Qazlal
Ru
Sif Muna
Uskayaw
Xom
Yredelemnul
The Shining One

Shops:
D:8 (   D:9 %%[   D:10 [

Annotations:
Abyss:1 Psyche, Sonja


Innate Abilities, Weirdness & Mutations

You have a pair of small horns on your head.
You are partially covered in yellow scales. (AC +2)
You are significantly more attuned to the shadows.
When hurt, damage is shared between your health and your magic reserves.
You regenerate magic rapidly.


Message History

You headbutt the earth elemental, but do no damage.
The earth elemental is heavily damaged.
The earth elemental hits you!!
* * * LOW HITPOINT WARNING * * *
You hit the earth elemental but do no damage.
You headbutt the earth elemental, but do no damage.
The earth elemental is heavily damaged.
You hit the earth elemental but do no damage.
The earth elemental is heavily damaged.
The earth elemental hits you.
* * * LOW HITPOINT WARNING * * *
You hit the earth elemental but do no damage.
The earth elemental is heavily damaged.
The earth elemental barely misses you.
You hit the earth elemental but do no damage.
The earth elemental is heavily damaged.
You hit the earth elemental.
The earth elemental is heavily damaged.
The earth elemental hits you!
You die...

*,****,,***,,,,,,,,**,,,.......#
,,,,<,,*,,,,,,,,,,,,>,,,...Y.<.#*
***,*,,,,,,,,,,,,,,*,,,,....Y...#
*********,,,,,,,,**,,,.......##
*,,,,,,,,,**,,,#..Y####
*****+****,***,.#$.* *** ***
**,..#* * ### *,*,,,* ##* ###@###
*,,,,,** ..#### #..E..# *,,,,,,*
...#.### #####.....##**,,,,,,*
.....#.###.##.......##,,,,,,**
.......##..##........#*,,,,,,*
...#.....#.##........#*,,,,,**
....#.##...##......###,,,,,,*
..#.######..##.....# *,,,,,,*
###.# ##.##.....# **,,,,,*


You could see an earth elemental.

Vanquished Creatures
  Erica (D:10)
  A two-headed ogre (D:10)
  An unseen horror (D:10)
  Pikel (D:7)
  A black mamba (Lair:1)
  Joseph (D:9)
  A spiny frog (Lair:1)
  2 trolls
  A slime creature (D:8)
  Prince Ribbit (D:9)
  4 hippogriffs
  8 yaks
  3 wyverns
  A basilisk (Lair:2)
  3 hogs (D:11)
  A human (D:11)
  2 fire bats (Lair:3)
  A soldier ant (D:10)
  6 water moccasins (Lair:1)
  A porcupine (Lair:3)
  A phantom (D:11)
  A black bear (D:10)
  An ice beast (D:9)
  6 orc warriors
  4 sky beasts
  7 ogres
  A necrophage (D:8)
  4 crocodiles
  2 centaurs (D:7)
  12 bullfrogs
  5 big kobolds
  2 scorpions
  A wyvern skeleton (D:11)
  17 killer bees (Lair:2)
  A howler monkey (D:9)
  5 crimson imps
  A hound (D:5)
  3 centaur zombies
  4 bullfrog zombies
  A centaur skeleton (D:5)
  Crazy Yiuf (D:7)
  6 orc priests
  3 bullfrog skeletons
  Terence (D:2)
  10 orc wizards
  3 iguanas
  7 worker ants
  3 worker ant zombies
  14 adders
  4 shadow imps
  2 oozes
  An adder zombie (D:7)
  3 worms
  2 dart slugs
  2 leopard geckos
  52 orcs
  3 giant cockroaches
  5 hobgoblins
  7 jackals
  2 quokkas (D:2)
  A ball python (D:3)
  6 bats
  5 frilled lizards
  3 goblins
  27 kobolds
  6 rats
299 creatures vanquished.

Vanquished Creatures (others)
  A hydra (Lair:2)
  2 two-headed ogres
  The ghost of Terandir the Cleaver, a novice MiFi of Cheibriados (D:9)
  A slime creature (D:8)
  A skeletal warrior (D:9)
  An ugly thing (D:11)
  A gargoyle (D:11)
  A spiny frog (Lair:1)
  A komodo dragon (D:8)
  A queen bee (Lair:2)
  A wraith (D:10)
  A hungry ghost (D:10)
  A phantom (D:7)
  An ogre (D:7)
  2 killer bees (Lair:2)
  2 fungi (Lair:2)
  9 plants
28 creatures vanquished.

Grand Total: 327 creatures vanquished

Notes
Turn   | Place    | Note
-------+----------+-------------------------------------------
     0 | Abyss:1  | goulibeur the Demonspawn Abyssal Knight began the quest for the Orb.
     0 | Abyss:1  | Reached XP level 1. HP: 18/18 MP: 2/2
    37 | Abyss:1  | Found a corrupted altar of Lugonu.
    96 | Abyss:1  | Noticed a large abomination
    97 | D:1      | Escaped the Abyss
   156 | D:1      | Reached skill level 1 in Dodging
   208 | D:1      | Gained mutation: You have a pair of small horns on your head. [demonic ancestry]
   208 | D:1      | Reached XP level 2. HP: 23/24 MP: 4/4
   255 | D:1      | Reached skill level 3 in Invocations
   394 | D:1      | Reached * piety under Lugonu
   837 | D:2      | Reached XP level 3. HP: 28/29 MP: 5/5
   948 | D:2      | Noticed Terence
  1245 | D:2      | Killed Terence
  1648 | D:2      | Reached skill level 4 in Invocations
  1648 | D:2      | Gained mutation: You are slightly more attuned to the shadows. [demonic ancestry]
  1648 | D:2      | Reached XP level 4. HP: 35/35 MP: 5/7
  2311 | D:3      | Reached ** piety under Lugonu
  2739 | D:3      | Reached XP level 5. HP: 42/42 MP: 8/8
  2878 | D:3      | Reached skill level 5 in Invocations
  3175 | D:4      | Got an ancient short sword
  3179 | D:4      | Identified the +4 short sword of the Tundras {drain, *Noise MR- Int+9 Stlth+} (You found it on level 4 of the Dungeon)
  3185 | D:4      | Found a glowing golden altar of the Shining One.
  3238 | D:4      | Found a glowing golden altar of the Shining One.
  3238 | D:4      | Found an ancient bone altar of Kikubaaqudgha.
  3249 | D:4      | Found a hazy altar of Hepliaklqana.
  3250 | D:4      | Found an opulent altar of Gozag.
  3250 | D:4      | Found a deep blue altar of Sif Muna.
  3250 | D:4      | Found a snail-covered altar of Cheibriados.
  3252 | D:4      | Found a basalt altar of Yredelemnul.
  3350 | D:4      | Reached XP level 6. HP: 33/48 MP: 10/10
  3650 | D:5      | Entered Level 5 of the Dungeon
  3672 | D:5      | HP: 2/48 [ogre/giant club (4)]
  3673 | D:5      | Reached skill level 6 in Invocations
  4005 | D:5      | Found a shadowy altar of Dithmenos.
  4366 | D:5      | Gained mutation: When hurt, damage is shared between your health and your magic reserves. [demonic ancestry]
  4366 | D:5      | Reached XP level 7. HP: 50/55 MP: 11/11
  4614 | D:5      | Reached skill level 7 in Invocations
  4665 | D:5      | Reached *** piety under Lugonu
  5603 | D:6      | Reached skill level 5 in Fighting
  5800 | D:6      | Found a staircase to the Ecumenical Temple.
  5831 | D:6      | Reached skill level 8 in Invocations
  5831 | D:6      | Gained mutation: You are partially covered in yellow scales. (AC +2) [demonic ancestry]
  5831 | D:6      | Reached XP level 8. HP: 47/62 MP: 8/14
  5982 | D:6      | Got an ancient dagger
  5983 | D:6      | Identified the +7 dagger "Cudd" {protect, rElec Str+3 SInv} (You found it on level 6 of the Dungeon)
  6631 | D:7      | Noticed Pikel
  6669 | D:7      | Killed Pikel
  6669 | D:7      | Reached skill level 9 in Invocations
  6779 | D:7      | Found a shimmering altar of Xom.
  6779 | D:7      | Found a hide-covered altar of Uskayaw.
  6870 | D:7      | Found a runed door.
  7014 | D:7      | Reached skill level 5 in Armour
  7187 | D:7      | Noticed Crazy Yiuf
  7190 | D:7      | Paralysed by Crazy Yiuf for 6 turns
  7197 | D:7      | Killed Crazy Yiuf
  7197 | D:7      | Reached XP level 9. HP: 45/69 MP: 11/16
  7273 | D:8      | Reached skill level 10 in Invocations
  7292 | D:8      | Found a sacrificial altar of Ru.
  7331 | D:8      | Found a staircase to the Lair.
  7332 | D:8      | Noticed a komodo dragon
  7368 | D:8      | Noticed Psyche
  7369 | D:8      | Banished Psyche
  7400 | D:7      | Reached skill level 5 in Dodging
  7539 | D:8      | Found Pyroytot's Weapon Emporium.
  7554 | D:8      | Found a burning altar of Makhleb.
  7778 | D:8      | Banished a very large slime creature
  7851 | D:8      | Reached skill level 11 in Invocations
  8099 | D:8      | Banished a komodo dragon
  8276 | D:9      | Noticed Prince Ribbit
  8283 | D:9      | Killed Prince Ribbit
  8285 | D:9      | Found Cepninir's Food Emporium.
  8425 | D:9      | Found a stormy altar of Qazlal.
  8476 | D:9      | Noticed a two-headed ogre
  8477 | D:9      | Banished a two-headed ogre
  8491 | D:9      | Reached XP level 10. HP: 79/79 MP: 15/18
  8609 | D:9      | Reached skill level 12 in Invocations
  8653 | D:9      | Found Fyenly's Armour Shop.
  8712 | D:9      | Found Pexkuen's Food Boutique.
  8779 | D:9      | Noticed Terandir's ghost (novice MiFi)
  8878 | D:9      | Banished Terandir's ghost
  8940 | D:9      | Noticed Joseph
  9000 | D:9      | Killed Joseph
  9254 | D:9      | Found an iron altar of Okawaru.
  9290 | D:10     | Entered Level 10 of the Dungeon
  9371 | D:10     | Noticed Erica
  9381 | D:10     | Noticed an unseen horror
  9399 | D:10     | Killed an unseen horror
  9422 | D:10     | Killed Erica
  9422 | D:10     | Reached skill level 13 in Invocations
  9512 | D:10     | Noticed a two-headed ogre
  9531 | D:10     | Killed a two-headed ogre
  9635 | D:10     | Gained mutation: You regenerate magic rapidly. [demonic ancestry]
  9635 | D:10     | Reached XP level 11. HP: 80/86 MP: 19/21
  9682 | D:10     | Noticed a two-headed ogre
  9684 | D:10     | Banished a two-headed ogre
 10023 | D:10     | Found Riele's Antique Armour Emporium.
 10266 | D:11     | Reached skill level 14 in Invocations
 10395 | D:11     | Noticed a cyan ugly thing
 10396 | D:11     | Banished a cyan ugly thing
 10540 | D:11     | Found an opulent altar of Gozag.
 10656 | D:11     | HP: 1/87 [orc warrior/morningstar (16)]
 10685 | D:10     | HP: 4/87 [orc warrior/morningstar (7)]
 10687 | D:10     | HP: 1/87 [orc warrior/morningstar (1)]
 11294 | D:11     | Got a translucent leather armour
 11305 | D:11     | Identified the +1 leather armour of Keidyef {Int+3} (You found it on level 11 of the Dungeon)
 11401 | D:11     | Reached **** piety under Lugonu
 11738 | D:11     | Noticed a skeletal warrior
 11738 | D:11     | Noticed a skeletal warrior
 11739 | D:11     | Noticed a skeletal warrior
 11746 | D:11     | Noticed a skeletal warrior
 12080 | D:9      | Banished a skeletal warrior
 12185 | Lair:1   | Entered Level 1 of the Lair of Beasts
 12401 | Lair:1   | Reached skill level 15 in Invocations
 13386 | Lair:2   | Noticed Sonja
 13537 | Lair:2   | Gained mutation: You are significantly more attuned to the shadows. [demonic ancestry]
 13537 | Lair:2   | Reached XP level 12. HP: 73/96 MP: 19/23
 13585 | Lair:2   | Found a staircase to the Shoals.
 13660 | Lair:2   | Banished Sonja
 13773 | Lair:2   | Noticed an eight-headed hydra
 13780 | Lair:2   | Banished a six-headed hydra
 14851 | Lair:3   | Found a dark tunnel.
 14864 | Volcano  | Entered a volcano
 14907 | Lair:3   | HP: 4/96 [earth elemental (3)]
 14910 | Lair:3   | Slain by an earth elemental

Skill      XL: |  1  2  3  4  5  6  7  8  9 10 11 |
---------------+----------------------------------+-----
Dodging        | 1 2 3 4 5 7 8 |  8.5
Invocations    | 3 4 5 6 8 9 11 13 15 | 15.9
Armour         | 2 3 4 5 6 7 8 |  8.6
Fighting       | 4 5 6 7 8 9 |  9.6
Short Blades   | |  1.7

Action                   |  1- 3 |  4- 6 |  7- 9 | 10-12 || total
-------------------------+-------+-------+-------+-------++-------
Melee: Short sword       |    68 |    86 |   293 |   994 ||  1441
       Headbutt          |     7 |    26 |    65 |   220 ||   318
       Hand axe          |    31 |   117 |       |     2 ||   150
       Dagger            |       |       |       |    50 ||    50
Invok: Depart the Abyss  |     1 |       |       |       ||     1
       Banish            |       |       |     6 |    28 ||    34
       Bend Space        |       |       |       |     2 ||     2
  Use: Scroll            |       |     3 |     1 |     9 ||    13
       Potion            |       |       |       |     3 ||     3
 Stab: Sleeping          |     1 |       |       |       ||     1
  Eat: Chunk             |     2 |     9 |    12 |    22 ||    45
       Ration            |       |       |     1 |     2 ||     3
Armor: Leather armour    |    10 |       |       |       ||    10
       Ring mail         |    26 |     9 |       |       ||    35
       Scale mail        |       |    14 |       |       ||    14
       Plate armour      |       |    80 |   167 |  1013 ||  1260
       Chain mail        |       |     6 |       |       ||     6
Dodge: Dodged            |    43 |    78 |    77 |   481 ||   679
